 Dungeon Crawl Stone Soup version 0.32-a0-818-gb728d0252e (webtiles) character file.

Game seed: 12230633760553070534

492 Morbidden the Ruffian (level 6, -2/49 HPs)
             Began as a Draconian Shapeshifter on Mar 24, 2024.
             Slain by an iguana (5 damage)
             ... on level 4 of the Dungeon.
             The game lasted 00:04:20 (3756 turns).

Morbidden the Ruffian (Draconian Shapeshifter)      Turns: 3756, Time: 00:04:21

Health: -2/49      AC:  6    Str: 16    XL:     6   Next: 91%
Magic:  9/9        EV:  5    Int: 13    God:
Gold:   282        SH:  0    Dex: 10    Spells: 7/9 levels left

rFire   . .          .
                       - Unarmed
rCold   . . .        (no shield)
rNeg    . . .        (body armour unavailable)
rPois   .            (helmet currently unavailable)
rElec   .            (cloak currently unavailable)
rCorr   .            (gloves currently unavailable)
SInv    .            (boots currently unavailable)
Will    .....        (no amulet)
Stlth   +            (no ring)
HPRegen 0.28/turn    (no ring)
MPRegen 0.11/turn

%: no passive effects
@: beast-form, very slightly contaminated, held, invisible
A: beast (slay +2), AC +6, unfitting armour, cold-blooded
a: Begin Untransformation


You were on level 4 of the Dungeon.
You were a hulking beast.
You visited 1 branch of the dungeon, and saw 4 of its levels.

You collected 282 gold pieces.

Inventory:

Hand Weapons
 b - a +4 dagger of draining
Missiles
 j - a javelin
Talismans
 c - a flux talisman
 n - a beast talisman (active)
 o - a serpent talisman
Wands
 f - a wand of paralysis (3) (quivered)
Scrolls
 a - a scroll of teleportation
 g - 3 scrolls of enchant armour
 q - a scroll of revelation
Potions
 e - a potion of brilliance
 k - a potion of degeneration {unknown}
 l - a potion of heal wounds {unknown}
 m - a potion of might {unknown}
 p - a potion of mutation {unknown}


   Skills:
 * Level 2.3 Fighting
 + Level 1.1 Throwing
 * Level 2.7 Dodging
 + Level 1.3 Stealth
 * Level 5.4 Unarmed Combat
 * Level 2.0 Spellcasting
 * Level 1.4 Summonings
 * Level 3.7 Shapeshifting


You had 7 spell levels left.
You knew the following spells:

 Your Spells              Type           Power      Damage    Failure   Level
a - Call Imp              Summ           10%        N/A       22%         2

Your spell library contained the following spells:

 Spells                   Type           Power      Damage    Failure   Level
 Sublimation of Blood     Necr           1%         N/A       36%         2
 Summon Hydra             Summ           2%         N/A       100%        7


Dungeon Overview and Level Annotations

Branches:
Dungeon (4/15)
 Temple: D:4-7

Altars:
Vehumet
Wu Jian


Innate Abilities, Weirdness & Mutations

You are a hulking beast.
Your limbs bulge with bestial killing power. (Slay +2)
Your plain brown scales are hard. (AC +6)
You cannot fit into any form of body armour.
You are cold-blooded and may be slowed by cold attacks.


Message History

You hit the iguana.
The iguana is almost dead.
The ribbon worm bites you. The iguana bites you!
Unknown command.
You hit the iguana but do no damage.
The iguana is almost dead.
The iguana bites you. The ribbon worm bites you.
Unknown command.
You punch the ribbon worm!
The ribbon worm is heavily wounded.
The iguana bites you!
You hit the iguana.
The iguana is almost dead.
The ribbon worm bites you.
* * * LOW HITPOINT WARNING * * *
The iguana bites you.
* * * LOW HITPOINT WARNING * * *
Unknown command.
You barely miss the iguana.
The iguana is almost dead.
The ribbon worm expels a string of sticky webbing.
The stream of webbing hits you but does no damage.
You are caught in a web!
Unknown command.
You struggle to detach yourself from the web.
The iguana bites you!
* * * LOW HITPOINT WARNING * * *
Unknown command.
Unknown command.
Unknown command.
Unknown command.
Unknown command.
It was a potion of invisibility.
You fade into invisibility!
The iguana completely misses you. The ribbon worm closely misses you.
Unknown command.
Unknown command.
It was a potion of magic.
Magic courses through your body. The iguana bites you.
You die...

# ... #.## ... .##.#.# ....
....... ... ....... ##....
#.....##..#.............
#.......l.#.............
###...#.hw...............
.........................
#.....#...............^.. .
#.##.##..#######.........
..#..#.#...## #†........
.........##.# ###..##.....
##....#...........# #...........
......#...........####...#.......
..................##....##......#


You could see a ribbon worm (unable to see you, catching breath) and an iguana
(unable to see you).

Vanquished Creatures
  Grinder (D:3)
  A bombardier beetle (D:3)
  A hound (D:4)
  An iguana (D:3)
  Ijyb (D:3)
  Terence (D:3)
  2 orc wizards
  Robin (D:2)
  3 adders
  2 ribbon worms
  4 orcs (D:3)
  3 endoplasms
  4 giant cockroaches
  19 goblins
  12 hobgoblins
  3 quokkas
  6 ball pythons
  2 bats
  3 frilled lizards
  6 kobolds
  3 rats
79 creatures vanquished.

Notes
Turn   | Place    | Note
-------+----------+-------------------------------------------
     0 | D:1      | Morbidden the Draconian Shapeshifter began the quest for
                  | the Orb.
     0 | D:1      | Reached XP level 1. HP: 16/16 MP: 1/1
   318 | D:1      | Reached XP level 2. HP: 21/23 MP: 2/2
   825 | D:2      | Reached XP level 3. HP: 24/28 MP: 3/3
  1150 | D:2      | Noticed Robin
  1154 | D:2      | Reached skill level 1 in Spellcasting
  1182 | D:2      | Killed Robin
  1183 | D:2      | Reached XP level 4. HP: 20/35 MP: 5/5
  1205 | D:2      | Reached skill level 4 in Unarmed Combat
  1274 | D:2      | Learned a level 2 spell: Call Imp
  1597 | D:2      | Found an ornate altar of the Wu Jian Council.
  1897 | D:3      | Noticed Grinder
  1899 | D:3      | Paralysed by Grinder for 4 turns
  2217 | D:3      | Identified the +1 whip "Hoibigeo" {antimagic, Str+2}
  2328 | D:3      | Found a radiant altar of Vehumet.
  2409 | D:3      | Reached XP level 5. HP: 30/41 MP: 7/7
  2854 | D:3      | Noticed Ijyb
  2865 | D:3      | Paralysed by Ijyb for 5 turns
  2876 | D:3      | Killed Ijyb
  2877 | D:3      | Reached skill level 1 in Throwing
  2963 | D:3      | Killed Grinder
  2964 | D:3      | Reached skill level 1 in Stealth
  2964 | D:3      | Reached skill level 5 in Unarmed Combat
  2964 | D:3      | Reached skill level 1 in Summonings
  2964 | D:3      | Reached XP level 6. HP: 25/48 MP: 3/8
  3078 | D:3      | Noticed Terence
  3092 | D:3      | Killed Terence
  3754 | D:4      | HP: 2/49 [iguana (7)]
  3756 | D:4      | Slain by an iguana

Illustrated notes

Levels and vault maps discovered:
D:1:      erik_arrival_triangle_small, layout_loops_ring
D:2:      layout_loops_ring, basic_altar, minmay_cupped, uniq_robin
D:3:      layout_basic, mainiacjoe_overflow_surrounded_room, uniq_ijyb,
          uniq_terence, uniq_grinder
D:4:      layout_cave_pools, uniq_crazy_yiuf_cottage, uniq_natasha

Skill      XL: |  1  2  3  4  5  6 |
---------------+-------------------+-----
Dodging        | 2 |  2.7
Spellcasting   | 1 2 |  2.0
Unarmed Combat | 4 5 |  5.4
Throwing       | 1 |  1.1
Fighting       | 2 |  2.3
Stealth        | 1 |  1.3
Summonings     | 1 |  1.4
Shapeshifting  | |  3.7

Action                     |  1- 3 |  4- 6 || total
---------------------------+-------+-------++-------
  Melee: Unarmed           |   103 |   132 ||   235
         Tailslap          |     9 |    18 ||    27
         Punch             |     1 |     4 ||     5
  Throw: Javelin           |     4 |     1 ||     5
   Cast: Call Imp          |       |     3 ||     3
  Evoke: Wand              |       |     2 ||     2
    Use: Scroll            |       |     6 ||     6
         Potion            |       |     4 ||     4
   Stab: Sleeping          |     1 |       ||     1
         Paralysed         |       |     6 ||     6
 Armour: Skin              |    62 |    88 ||   150
  Dodge: Dodged            |    58 |    52 ||   110

Table legend: (Time is in decaauts)
 A = Elapsed time spent in this place.
 B = Non-inter-level travel time spent in this place.
 C = Inter-level travel time spent in this place.
 D = Time resting spent in this place.
 E = Time spent auto-exploring this place.
 F = Levels seen in this place.
 G = Mean time per level.
                   A        B        C        D        E       F      G
               +--------+--------+--------+--------+--------+-----+--------+
         Total |   3744 |   3650 |     94 |    851 |   2179 |   4 |  936.0 |
       Dungeon |   3744 |   3650 |     94 |    851 |   2179 |   4 |  936.0 |
               +--------+--------+--------+--------+--------+-----+--------+

Top non-repeatable levels by time:
     D:3: 1734 daAuts
     D:2: 964 daAuts
     D:1: 789 daAuts
     D:4: 255 daAuts
